 Dungeon Crawl Stone Soup version 0.24.0-13-gcf9b319 (webtiles) character file.

Game seed: 15989606474194858528, levelgen mode: deterministic

35 Bronimir the Conjurer (level 3, -4/21 HPs)
             Began as an Octopode Conjurer on Mar 17, 2020.
             Killed from afar by Natasha (10 damage)
             ... with a magic dart
             ... on level 2 of the Dungeon on Mar 18, 2020.
             The game lasted 00:04:31 (964 turns).

Bronimir the Conjurer (Octopode Conjurer)            Turns: 964, Time: 00:04:31

Health: -4/21      AC:  1    Str:  7    XL:     3   Next: 33%
Magic:  0/6        EV: 15    Int: 18    God:
Gold:   54         SH:  0    Dex: 12    Spells: 0/6 levels left

rFire    . . .     SeeInvis .   (no weapon)
rCold    . . .     Gourm    .   (no shield)
rNeg     . . .     Faith    .   (helmet restricted)
rPois    .         Spirit   .   (no amulet)
rElec    .         Reflect  .   n - +2 ring of evasion
rCorr    .         Harm     .   (no ring)
MR       .....                  (no ring)
Stlth    +++.......             (no ring)
HPRegen  0.07/turn              (no ring)
MPRegen  0.10/turn              (no ring)
                                (no ring)
                                (no ring)

@: heavily drained
A: almost no armour, stealthy swim, amphibious, 8 rings, constrict 8, camouflage
1, gelatinous body 1
a: no special abilities


You were on level 2 of the Dungeon.
You were not hungry.

You visited 1 branch of the dungeon, and saw 2 of its levels.

You collected 54 gold pieces.

Inventory:

Hand Weapons
 a - a +2 dagger of venom
 b - a +0 hunting sling
Missiles
 e - 36 sling bullets
 j - 23 arrows
 p - 39 stones (quivered)
Jewellery
 m - an uncursed amulet of harm
 n - a +2 ring of evasion (left tentacle)
Scrolls
 c - 3 scrolls of identify {unknown}
 d - 2 scrolls of teleportation {unknown}
 g - a scroll of amnesia {unknown}
 i - a scroll of enchant armour {unknown}
Potions
 f - 2 potions of brilliance {unknown}
 h - 2 potions of ambrosia {unknown}
 k - a potion of berserk rage {unknown}
 o - a potion of mutation {unknown}
Comestibles
 l - 2 chunks of flesh
 q - 2 rations


   Skills:
 + Level 2.8(1.1) Dodging
 * Level 3.0(1.3) Stealth
 + Level 2.1(0.5) Spellcasting
 * Level 4.4(2.7) Conjurations


You couldn't memorise any spells.
You knew the following spells:

 Your Spells              Type           Power        Failure   Level  Hunger
a - Magic Dart            Conj           ##..         7%          1    ##.....
b - Searing Ray           Conj           ##....       11%         2    ###....
c - Dazzling Spray        Conj/Hex       #.....       34%         3    ####...

Your spell library contained the following spells:

 Spells                   Type           Power        Failure   Level  Hunger
 Iskenderun's Mystic Bla  Conj           ##......     56%         4    #####..
 Force Lance              Conj/Tloc      #.......     75%         4    #####..
 Fulminant Prism          Conj/Hex       #.........   75%         4    #####..


Dungeon Overview and Level Annotations

Branches:
Dungeon (2/15)

Altars:
Dithmenos
Wu Jian

Annotations:
D:2 Natasha


Innate Abilities, Weirdness & Mutations

You cannot wear most types of armour.
You are very stealthy in the water. (Stealth+)
You are amphibious.
You can wear up to eight rings at the same time.
You can use your tentacles to constrict eight enemies at once.
Your skin changes colour to match your surroundings (Stealth+).
Your rubbery body absorbs attacks. (AC +1, EV +1)


Message History

Natasha casts a spell at you. You resist with significant effort.
You see here a bat corpse.
Natasha stares at you and mumbles some strange words.
The magic dart hits you.
* * * LOW HITPOINT WARNING * * *
Natasha mumbles some strange words.
Natasha glows brightly for a moment.
Casting: Searing Ray (safe; 11% risk of failure)
Confirm with . or Enter, or press ? or * to list all spells.
Aiming: Magic Dart (safe; 7% risk of failure)
Press: ? - help, Shift-Dir - straight line, f - crimson imp
Aim: a crimson imp (summoned)
The magic dart hits the crimson imp.
The crimson imp is lightly wounded.
The crimson imp shouts, "Out, out, thou feeble mumble-news apple-john!"
The crimson imp blinks!
Natasha casts a spell at you. The magic dart hits you!
You die...

###....##########
.............).>#
#.h..#....5##.#
###....#'###†##.####
#.....†....#.##....##
#..........#h##.##..#
#...###....#.##.#...###
#.. #....#.##.......# #
#....#@##._.....##
##+###.#.........#
#.#....8....#
#.#.........#
#+##....._.## #.......#
###.....# #####÷# .#
#.#


You could see Natasha and a crimson imp.

Vanquished Creatures
  An adder (D:2)
  An ooze (D:1)
  2 dart slugs
  3 bats
  A giant cockroach (D:1)
  3 hobgoblins
  2 quokkas (D:2)
  2 frilled lizards
  A kobold (D:2)
  A rat (D:2)
17 creatures vanquished.

Notes
Turn   | Place    | Note
-------+----------+-------------------------------------------
     0 | D:1      | Bronimir the Octopode Conjurer began the quest for the Orb.
     0 | D:1      | Reached XP level 1. HP: 11/11 MP: 3/3
   371 | D:1      | Reached XP level 2. HP: 12/17 MP: 0/5
   501 | D:1      | Learned a level 2 spell: Searing Ray
   599 | D:2      | Reached XP level 3. HP: 21/21 MP: 1/6
   780 | D:2      | Learned a level 3 spell: Dazzling Spray
   813 | D:2      | Found a shadowy altar of Dithmenos.
   822 | D:2      | Found an ornate altar of the Wu Jian Council.
   947 | D:2      | Noticed Natasha
   964 | D:2      | Killed from afar by Natasha

Levels and vault maps discovered:
D:1:      dpeg_arrival_snail, layout_basic
D:2:      layout_basic, grunt_temple_overflow_open, uniq_jessica, uniq_natasha

Skill      XL: |  1  2  3 |
---------------+----------+-----
Stealth        | 3 |  3.0
Dodging        | |  2.8
Spellcasting   | |  2.1
Conjurations   | |  4.4

Action                   || total
-------------------------++-------
Melee: Unarmed           ||     4
       Constrict         ||     1
       Tentacles         ||     1
 Cast: Magic Dart        ||    40
       Searing Ray       ||     1
  Eat: Chunk             ||     1
Armor: Skin              ||     2
Dodge: Dodged            ||     8
